 Dungeon Crawl Stone Soup version 0.19-a0-892-g8a19e52 (webtiles) character file.

67 mrath the Sneak (level 4, -2/37 HPs)
             Began as a Naga Enchanter on July 4, 2016.
             Slain by Sigmund
             ... wielding a +0 scythe
              (6 damage)
             ... on level 2 of the Dungeon.
             The game lasted 00:12:40 (2688 turns).

mrath the Sneak (Naga Enchanter)                    Turns: 2688, Time: 00:12:40

Health: -2/37      AC:  3    Str: 11    XL:     4   Next: 18%
Magic:  6/8        EV:  5    Int: 16    God:
Gold:   83         SH:  0    Dex: 11    Spells: 3 memorised, 1 level left

rFire  . . .     SeeInvis +     a - +1 dagger
rCold  . . .     Gourm    .     b - +1 robe
rNeg   . . .     Faith    .     (no shield)
rPois  +         Spirit   .     (no helmet)
rElec  .         Dismiss  .     (no cloak)
rCorr  .         Reflect  .     (no gloves)
SustAt .         Harm     .     (no barding)
MR     .....                    (no amulet)
Stlth  +++.......               (no ring)
                                (no ring)

@: very slow, not resistant to hostile enchantments, fairly stealthy
A: see invisible, deformed body, poison resistance, slowness 2, slow metabolism
1, spit poison 2, AC +1
a: Spit Poison


You were on level 2 of the Dungeon.
You were not hungry.

You visited 1 branch of the dungeon, and saw 2 of its levels.

You collected 83 gold pieces.

Inventory:

Hand Weapons
 a - a +1 dagger (weapon)
Missiles
 g - 14 sling bullets
 h - 54 stones (quivered)
 k - 37 arrows
 n - 6 needles of sleeping
Armour
 b - a +1 robe (worn)
Jewellery
 i - a +1 ring of evasion {unknown}
Wands
 p - a wand of confusion (16/48)
Scrolls
 e - 2 scrolls of fear {unknown}
 j - 4 scrolls of identify {unknown}
 l - 2 scrolls of random uselessness {unknown}
 m - a scroll of fog {unknown}
 q - a scroll of teleportation {unknown}
Potions
 o - a potion of curing {unknown}
Books
 c - a book of Maledictions

   Spells                             Type                      Level
   a - Corona                         Hexes                        1
   b - Ensorcelled Hibernation        Hexes/Ice                    2
   c - Confuse                        Hexes                        3
   d - Tukima's Dance                 Hexes                        3
   e - Dazzling Spray                 Conjuration/Hexes            3
Comestibles
 d - 2 bread rations


   Skills:
 + Level 0.6 Fighting
 + Level 1.7 Short Blades
 + Level 2.2 Dodging
 - Level 4.4 Stealth
 * Level 2.7 Spellcasting
 + Level 3.4 Hexes
 + Level 0.0 Evocations


You had one spell level left.
You knew the following spells:

 Your Spells              Type           Power        Failure   Level  Hunger
a - Corona                Hex            ##.....      6%          1    #......
b - Confuse               Hex            ##......     14%         3    ###....
c - Tukima's Dance        Hex            ##......     14%         3    ###....


Dungeon Overview and Level Annotations

Branches:
Dungeon (2/15)

Altars:
Xom

Annotations:
D:2 Sigmund


Innate Abilities, Weirdness & Mutations

You cannot wear boots.
Your serpentine skin is tough. (AC +1)
You have supernaturally acute eyesight. (SInv)
Armour fits poorly on your strangely shaped body.
Your system is resistant to poisons. (rPois)
You cover ground very slowly.
You have a slow metabolism.
You can spit poison.


Message History

The bat hits you but does no damage. x2
The bat hits you but does no damage. x3; Sigmund hits you but does no damage.
The bat barely misses you. The bat closely misses you. x2
The bat barely misses you. The bat closely misses you.
The bat hits you but does no damage. The bat misses you.
The bat hits you but does no damage. The bat completely misses you.
The bat hits you but does no damage. Sigmund barely misses you.
The bat hits you but does no damage. The bat closely misses you.
Your magical contamination has completely faded away.
The bat closely misses you. The bat hits you but does no damage.
The bat barely misses you. x2
The bat closely misses you. The bat misses you. The bat closely misses you.
The bat hits you but does no damage.
There is a stone staircase leading up here.
The bat hits you but does no damage. The bat hits you.
* * * LOW HITPOINT WARNING * * *
Sigmund hits you from afar with a scythe.
You die...

###.....#....#.......
#....##.#....#.......
#....##..............
#....##g.........>...
#....g.b..##..#......
#....##.#.#..##......
#..@.##.#............
#...b##.#.........8.)
#...@...##.......8.8.
##...b..........8._.8
#...............8.8.
#................8..
#......##...........
#................###
#......##.......?.
#####).....##...S....#
#..........###...#.#


You could see Sigmund (invisible), a goblin and 2 bats.

Vanquished Creatures
  An adder (D:2)
  2 oozes (D:1)
  2 dart slugs (D:1)
  2 giant geckos (D:1)
  A ball python (D:1)
  3 giant cockroaches (D:1)
  8 goblins
  4 hobgoblins (D:1)
  3 jackals (D:1)
  3 kobolds (D:1)
  6 bats
  2 giant newts
  4 rats (D:1)
41 creatures vanquished.

Notes
Turn   | Place    | Note
-------+----------+-------------------------------------------
     0 | D:1      | mrath the Naga Enchanter began the quest for the Orb.
     0 | D:1      | Reached XP level 1. HP: 15/15 MP: 3/3
   271 | D:1      | Reached XP level 2. HP: 20/22 MP: 5/5
  1298 | D:1      | Reached XP level 3. HP: 28/28 MP: 6/6
  1675 | D:1      | Found a shimmering altar of Xom.
  1772 | D:1      | Learned a level 3 spell: Confuse
  2434 | D:1      | Learned a level 3 spell: Tukima's Dance
  2437 | D:2      | Reached XP level 4. HP: 37/37 MP: 8/8
  2471 | D:2      | Found a faded altar of an unknown god.
  2650 | D:2      | Noticed Sigmund
  2688 | D:2      | Slain by Sigmund

Vault maps used:
D:1:      sevenhm_arrival_forest_fort_small_5, minivault_11,
          serial_bayou_ford_a, xom_teletrap_fun
D:2:      marbit_many_paths, ecumenical_altar_2, uniq_sigmund, uniq_jessica,
          uniq_natasha

Skill      XL: |  1  2  3 |
---------------+----------+-----
Dodging        | 2 |  2.2
Fighting       | |  0.6
Short Blades   | |  1.7
Stealth        | |  4.4
Spellcasting   | |  2.7
Hexes          | |  3.4

Action                   |  1- 3 |  4- 6 || total
-------------------------+-------+-------++-------
Melee: Dagger            |   170 |    14 ||   184
Throw: Stone             |     1 |       ||     1
 Cast: Corona            |    11 |     1 ||    12
       Tukima's Dance    |       |     2 ||     2
 Stab: Sleeping          |     8 |       ||     8
  Eat: Chunk             |     3 |     1 ||     4
Armor: Robe              |    63 |    27 ||    90
Dodge: Dodged            |    88 |    27 ||   115
